 Dungeon Crawl Stone Soup version 0.18.1-50-g88ac8fd (webtiles) character file.

374 magog001 the Slinger (level 7, 0/44 HPs)
             Began as a Halfling Hunter on Nov 15, 2017.
             Slain by an ogre
             ... wielding a +0 giant spiked club
              (23 damage)
             ... on level 4 of the Dungeon.
             The game lasted 00:21:25 (3102 turns).

magog001 the Slinger (Halfling Hunter)              Turns: 3102, Time: 00:21:26

Health: 0/44       AC:  7    Str: 13    XL:     7   Next: 3%
Magic:  7/7        EV: 15    Int: 10    God:
Gold:   161        SH:  0    Dex: 16    Spells: 0 memorised, 6 levels left

rFire  x . .     SeeInvis .     a - +2 hunting sling
rCold  + . .     Gourm    .     c - +0 leather armour
rNeg   . . .     Faith    .     (shield restricted)
rPois  .         Spirit   .     (no helmet)
rElec  .         Dismiss  .     (no cloak)
rCorr  .         Reflect  .     t - +2 pair of gloves
SustAt .         Harm     .     l - +0 pair of boots
MR     .....                    A - amulet of magic regeneration
Stlth  +++.......               r - ring of ice
                                w - ring of stealth

@: slowed, very slow, not resistant to hostile enchantments, fairly stealthy
A: mutation resistance 1
a: no special abilities


You were on level 4 of the Dungeon.
You were not hungry.

You visited 1 branch of the dungeon, and saw 4 of its levels.

You collected 161 gold pieces.

Inventory:

Hand Weapons
 a - a +2 hunting sling (weapon)
 b - a +0 short sword
Missiles
 e - 93 stones (quivered)
 f - 28 poisoned needles
Armour
 c - a +0 leather armour (worn)
 l - a +0 pair of boots (worn)
 s - a +1 pair of gloves
 t - a +2 pair of gloves (worn)
Jewellery
 p - an uncursed ring of resist corrosion
 r - a ring of ice (right hand)
 w - a ring of stealth (left hand)
 A - an amulet of magic regeneration (around neck)
Scrolls
 h - a scroll of fog {unknown}
 k - 3 scrolls of identify
 q - 2 scrolls of remove curse
Potions
 g - a potion of flight
 i - a potion of heal wounds
 j - a potion of agility
 m - a potion of lignification {unknown}
 n - a potion of brilliance {unknown}
 u - a potion of invisibility
Comestibles
 o - 2 meat rations
 v - 3 chunks of flesh
 x - 2 bread rations


   Skills:
 + Level 1.8 Fighting
 * Level 2.4 Short Blades
 * Level 9.6 Slings
 + Level 1.9 Armour
 * Level 3.1 Dodging
 * Level 1.9 Stealth


You had 6 spell levels left.
You didn't know any spells.

Dungeon Overview and Level Annotations

Branches:
Dungeon (4/15)
 Temple: D:4-7

Altars:
Ashenzari
Cheibriados
Pakellas


Innate Abilities, Weirdness & Mutations

You are small and have problems with some larger weapons.
You are somewhat resistant to further mutation.


Message History

The orc hits you but does no damage.
The orc priest calls down the wrath of Beogh upon you.
Pain shoots through your body! The orc completely misses you.
The orc hits you but does no damage. x2
The orc priest invokes the aid of Beogh against you.
Beogh smites you! The orc hits you but does no damage.
The orc barely misses you. The orc hits you but does no damage.
The ogre barely misses you.
The orc priest calls upon Beogh to heal the orc.
The orc's wounds heal themselves!
The orc closely misses you. The ogre misses you. The orc closely misses you.
The orc priest calls down the wrath of Beogh upon you.
Pain shoots through your body!
The ogre hits you with a giant spiked club!!
Ouch! That really hurt!
You die...

#......................# ♣....♣
#......................# #....#
#......................# #....#
#.....................#####...#
#................).....)......#
#.........................###)###
#.........................##...(.
#................O........##...(.
########<.).....@o........##.....
#..................o.......#.....
#..........................#.....
#..........................#.(..(
#.........#......>.........#.....
#........#.........###....#.....
#........#......(.... ....#.....
#.................... ....##....
#..................


You could see an ogre, an orc priest and an orc.

Vanquished Creatures
  4 orc wizards
  An orc priest (D:4)
  Natasha (thrice) (D:3)
  6 adders
  3 gnolls (D:3)
  2 worms (D:2)
  3 dart slugs
  4 giant geckos
  4 orcs
  5 giant cockroaches
  4 goblins
  5 hobgoblins
  3 jackals
  2 kobolds
  5 quokkas
  2 giant newts
  6 rats
62 creatures vanquished.

Vanquished Creatures (others)
  A hungry ghost (D:2)
1 creature vanquished.

Grand Total: 63 creatures vanquished

Notes
Turn   | Place    | Note
--------------------------------------------------------------
     0 | D:1      | magog001 the Halfling Hunter began the quest for the Orb.
     0 | D:1      | Reached XP level 1. HP: 14/14 MP: 1/1
    84 | D:1      | Reached skill level 6 in Slings
   189 | D:1      | Reached XP level 2. HP: 17/19 MP: 2/2
   773 | D:2      | Reached skill level 1 in Armour
   773 | D:2      | Reached XP level 3. HP: 24/24 MP: 3/3
  1175 | D:2      | Reached skill level 1 in Short Blades
  1224 | D:2      | Reached XP level 4. HP: 29/29 MP: 4/4
  1419 | D:2      | Reached skill level 7 in Slings
  1654 | D:2      | Found an oddly glowing altar of Pakellas.
  1654 | D:2      | Noticed a hungry ghost
  1669 | D:2      | Killed a hungry ghost
  2005 | D:3      | Found a shattered altar of Ashenzari.
  2239 | D:3      | Found a snail-covered altar of Cheibriados.
  2424 | D:3      | Noticed Natasha
  2430 | D:3      | Killed Natasha
  2430 | D:3      | Reached XP level 5. HP: 29/34 MP: 5/5
  2446 | D:3      | Reached skill level 8 in Slings
  2586 | D:3      | Noticed Natasha
  2589 | D:3      | Killed Natasha
  2690 | D:3      | Noticed Natasha
  2720 | D:3      | Killed Natasha
  2720 | D:3      | Reached XP level 6. HP: 34/39 MP: 6/6
  2876 | D:4      | Reached skill level 9 in Slings
  3082 | D:4      | Reached XP level 7. HP: 44/44 MP: 7/7
  3102 | D:4      | Slain by an ogre

Skill      XL: |  1  2  3  4  5  6 |
---------------+-------------------+-----
Slings         | 6 7 8 9 |  9.6
Armour         | 1 |  1.9
Short Blades   | 1 2 |  2.4
Dodging        | 3 |  3.1
Fighting       | |  1.8
Stealth        | |  1.9

Action                   |  1- 3 |  4- 6 |  7- 9 || total
-------------------------+-------+-------+-------++-------
 Fire: Hunting sling     |    79 |   173 |     7 ||   259
  Use: Potion            |     2 |     2 |       ||     4
       Scroll            |     1 |     9 |       ||    10
  Eat: Chunk             |     1 |     1 |       ||     2
       Bread ration      |       |     1 |       ||     1
Armor: Leather armour    |     4 |    10 |     7 ||    21
Dodge: Dodged            |    26 |    38 |    10 ||    74
